[Event "Titled Tuesday Blitz June 14 Early 2022"]
[White "Dauner, Benedikt"]
[Black "Stribuk, Artiom"]
[WhiteFideId "16225899"]
[BlackFideId "13515659"]
[WhiteElo "2230"]
[BlackElo "2259"]
[Result "0-1"]
[Round "08"]
[TimeControl "180+1"]
[Date "2022.06.14"]
[WhiteClock "0:00:03"]
[BlackClock "0:00:26"]

1. e4 c5 2. c3 Nf6 3. e5 Nd5 4. Nf3 d6 5. exd6 e6 6. Bc4 Bxd6 7. O-O O-O 8. d4 cxd4 9. Nxd4 Nc6 10. Nxc6 bxc6 11. Nd2 Qc7 12. h3 Rd8 13. Qf3 c5 14. Ne4 Be7 15. Bg5 Bb7 16. Bxe7 Nxe7 17. Qe2 h6 18. Rad1 Ng6 19. Qe3 Ne5 20. Qxc5 Rdc8 21. Qxc7 Rxc7 22. Bxe6 Bxe4 23. Bb3 Bg6 24. Rfe1 Nd3 25. Re2 a5 26. Red2 a4 27. Bd5 Rb8 28. Rxd3 Bxd3 29. Rxd3 Rxb2 30. g4 Rc2 31. Rd4 a3 32. c4 Rxa2 33. Rd3 Ra1+ 34. Kg2 Ra7 35. c5 Rc1 36. c6 a2 37. Bxa2 Rxa2 38. Rd8+ Kh7 39. Rd7 f6 40. Rd6 Rac2 41. Rd7 Rxc6 42. Kg3 R6c3+ 43. Kh4 Rh1 44. f3 Rxf3 45. Rxg7+ Kxg7 46. g5 Rhxh3+ 47. Kg4 h5# 0-1


[Site "https://www.chess.com"]

[Event "Titled Tuesday Blitz June 14 Early 2022"]
[White "Dubov, Daniil"]
[Black "Zierk, Steven"]
[WhiteFideId "24126055"]
[BlackFideId "2034255"]
[WhiteElo "2791"]
[BlackElo "2494"]
[Result "1-0"]
[Round "08"]
[TimeControl "180+1"]
[Date "2022.06.14"]
[WhiteClock "0:01:21"]
[BlackClock "0:00:25"]

1. d4 d5 2. c4 dxc4 3. Nf3 Nf6 4. e3 e6 5. Bxc4 c5 6. Qe2 a6 7. dxc5 Bxc5 8. O-O O-O 9. Rd1 Qe7 10. b3 b5 11. Bd3 Bb7 12. Bb2 Nbd7 13. a3 Rac8 14. Nbd2 Rfd8 15. a4 bxa4 16. Rxa4 Bb4 17. Bxa6 Bxa6 18. Rxa6 Nc5 19. Raa1 Qb7 20. Bxf6 gxf6 21. Nd4 Bc3 22. Rac1 Bxd4 23. Qg4+ Kf8 24. exd4 Nd3 25. Rxc8 Rxc8 26. Qh4 f5 27. Qxh7 Qb4 28. Qh8+ 1-0


[Site "https://www.chess.com"]

[Event "Titled Tuesday Blitz June 14 Early 2022"]
[White "Durarbayli, Vasif"]
[Black "Hakobyan, Aram"]
[WhiteFideId "13402935"]
[BlackFideId "13306677"]
[WhiteElo "2528"]
[BlackElo "2557"]
[Result "1-0"]
[Round "08"]
[TimeControl "180+1"]
[Date "2022.06.14"]
[WhiteClock "0:00:06"]
[BlackClock "0:00:12"]

1. e4 c5 2. Nf3 d6 3. Bb5+ Bd7 4. a4 Nf6 5. Qe2 Nc6 6. O-O g6 7. c3 a6 8. Bc4 Bg7 9. d4 cxd4 10. cxd4 Bg4 11. Rd1 d5 12. exd5 Nxd5 13. Nc3 Nxc3 14. bxc3 O-O 15. Ba3 Rc8 16. Ba2 Bf6 17. h3 Bxf3 18. Qxf3 Na5 19. Bb4 Nc6 20. Ba3 Na5 21. Rab1 Qd7 22. Bb4 Nc4 23. a5 Nd6 24. Bd5 Rc7 25. Bc5 Rfc8 26. Rb3 Rxc5 27. dxc5 Rxc5 28. Rxb7 Qa4 29. Bb3 Qh4 30. Rxd6 Rxc3 31. Rd3 Rc1+ 32. Rd1 Rc3 33. Rd3 Rc1+ 34. Bd1 Kg7 35. Rbd7 Qa4 36. g3 Qxa5 37. Kg2 Qa1 38. Qe2 a5 39. Ra7 a4 40. Rxa4 Qb1 41. Re4 Qb6 42. h4 h5 43. Qf3 Qb1 44. Re1 Qb4 45. Rf1 Qc5 46. Be2 Rc2 47. Qe4 Rb2 48. Rf3 Qa5 49. Bd3 Qb6 50. Qd5 Rd2 51. Qe4 Qb2 52. Qe3 Bd4 53. Qf4 Bf6 54. Qc4 Qb6 55. Qc8 Qd6 56. Be4 Qd4 57. Bb1 Qd5 58. Qb8 Rb2 59. Qf4 Qb7 60. Qe4 Qb6 61. Re1 Rb4 62. Qe3 Qb7 63. Qe2 Rxb1 64. Rxb1 Qxb1 65. Qf1 Qb7 66. Qd3 Qc6 67. Qe2 Qd5 68. Qd3 Qe6 69. Kg1 Qg4 70. Re3 Bxh4 71. Re4 Qf5 72. gxh4 e5 73. Qe3 f6 74. Rb4 Qd7 75. Kg2 Qc6+ 76. Qf3 Qe6 77. Rb7+ Kg8 78. Ra7 e4 79. Qf4 Qb6 80. Qc7 1-0


[Site "https://www.chess.com"]

[Event "Titled Tuesday Blitz June 14 Early 2022"]
[White "Fedoseev, Vladimir"]
[Black "Xiong, Jeffery"]
[WhiteFideId "24130737"]
[BlackFideId "2047640"]
[WhiteElo "2726"]
[BlackElo "2714"]
[Result "0-1"]
[Round "08"]
[TimeControl "180+1"]
[Date "2022.06.14"]
[WhiteClock "0:00:06"]
[BlackClock "0:00:08"]

1. e4 c5 2. Nf3 d6 3. d4 cxd4 4. Nxd4 Nf6 5. Nc3 a6 6. Be3 Nbd7 7. g4 h6 8. h4 b5 9. Bg2 Ne5 10. g5 Nfg4 11. Bc1 hxg5 12. Bxg5 Bb7 13. Nd5 Nf6 14. Qe2 e6 15. Nf4 Qa5+ 16. c3 Be7 17. Rh3 Rc8 18. Rg3 b4 19. Nb3 Qa4 20. Nd2 bxc3 21. bxc3 Bc6 22. c4 Bd7 23. Rc3 Qa5 24. Rac1 Nfg4 25. Bxe7 Kxe7 26. h5 Nf6 27. Nb3 Qb4 28. a3 Qxa3 29. Nd4 Qa5 30. Kf1 Qc5 31. Nb3 Qb6 32. Kg1 a5 33. c5 dxc5 34. Nxc5 Bb5 35. Qb2 Rhd8 36. Na4 Qb8 37. Qa3+ Ke8 38. Nc5 Qd6 39. Qxa5 Rb8 40. Qa7 Nc6 41. Qa3 Qxf4 42. Na6 Ng4 43. Rg3 Bxa6 44. Rxc6 Rb1+ 0-1


[Site "https://www.chess.com"]

[Event "Titled Tuesday Blitz June 14 Early 2022"]
[White "Garv Gaur"]
[Black "Gaehwiler, Gabriel"]
[WhiteFideId "45030839"]
[BlackFideId "1314530"]
[WhiteElo "1950"]
[BlackElo "2383"]
[Result "1-0"]
[Round "08"]
[TimeControl "180+1"]
[Date "2022.06.14"]
[WhiteClock "0:00:59"]
[BlackClock "0:00:13"]

1. d4 Nf6 2. Nf3 g6 3. c4 Bg7 4. g3 O-O 5. Bg2 b6 6. O-O Bb7 7. Nc3 Ne4 8. Qd3 Nxc3 9. bxc3 Nc6 10. Ba3 Na5 11. Bb4 Nc6 12. Ba3 d6 13. Nd2 Na5 14. Bb4 Bxg2 15. Kxg2 Nc6 16. Rab1 e5 17. d5 Ne7 18. a4 f5 19. a5 Qd7 20. f3 Kh8 21. e4 Ng8 22. Ba3 Nf6 23. c5 bxc5 24. Rb7 fxe4 25. Nxe4 Qa4 26. Ra1 Ne8 27. Bb2 Qd7 28. Qa6 Qf7 29. Qd3 Bf6 30. c4 Kg8 31. Rf1 h6 32. f4 Qd7 33. fxe5 dxe5 34. Nxf6+ Nxf6 35. Qxg6+ Qg7 36. Qxg7+ Kxg7 37. Bxe5 Kg6 38. Rxf6+ Rxf6 39. Bxf6 Kxf6 40. Rxc7 Rb8 41. Rxc5 1-0


[Site "https://www.chess.com"]

[Event "Titled Tuesday Blitz June 14 Early 2022"]
[White "Hesham, Abdelrahman"]
[Black "Matinian, Nikita"]
[WhiteFideId "10600183"]
[BlackFideId "24129100"]
[WhiteElo "2506"]
[BlackElo "2422"]
[Result "1-0"]
[Round "08"]
[TimeControl "180+1"]
[Date "2022.06.14"]
[WhiteClock "0:01:25"]
[BlackClock "0:00:06"]

1. e4 c5 2. Nf3 d6 3. d4 cxd4 4. Nxd4 Nf6 5. Nc3 g6 6. Bc4 Bg7 7. Bb3 O-O 8. f3 Nc6 9. Be3 a5 10. Qd2 Nxd4 11. Bxd4 Bd7 12. a4 Rc8 13. g4 e5 14. Be3 Be6 15. Rd1 Bxb3 16. cxb3 Rc6 17. h4 h5 18. g5 Ne8 19. O-O f6 20. Nd5 Rf7 21. Rf2 f5 22. Rff1 Qc8 23. Rc1 fxe4 24. fxe4 Rxf1+ 25. Rxf1 Qg4+ 26. Qg2 Rc2 27. Qxg4 hxg4 28. Rf2 Rxf2 29. Kxf2 Kf7 30. Bb6 Bf8 31. Bxa5 Ng7 32. Bd2 Ne6 33. Be3 Be7 34. Kg3 Bd8 35. Kxg4 Ng7 36. b4 Ke6 37. a5 Nh5 38. Bd2 Kd7 39. b5 Ng7 40. a6 bxa6 41. bxa6 Kc6 42. Be3 Ne6 43. b4 Nd4 44. Bxd4 exd4 45. b5+ Kxb5 46. a7 1-0


[Site "https://www.chess.com"]

[Event "Titled Tuesday Blitz June 14 Early 2022"]
[White "Jobava, Baadur"]
[Black "Rodrigue-Lemieux, Shawn"]
[WhiteFideId "13601520"]
[BlackFideId "2620049"]
[WhiteElo "2617"]
[BlackElo "1763"]
[Result "0-1"]
[Round "08"]
[TimeControl "180+1"]
[Date "2022.06.14"]
[WhiteClock "0:00:36"]
[BlackClock "0:00:17"]

1. b3 d5 2. Bb2 Bg4 3. f3 Bh5 4. e3 Nf6 5. d4 e6 6. Nc3 c5 7. g4 Bg6 8. h4 h5 9. g5 Nfd7 10. Nge2 Nc6 11. Nf4 Bd6 12. Nxg6 fxg6 13. Bd3 Kf7 14. Nb5 Bg3+ 15. Kf1 a6 16. Nc3 cxd4 17. Ne2 Bd6 18. Nxd4 e5 19. Ne2 Ne7 20. c4 Qb6 21. Qd2 Bb4 22. Qc1 Rac8 23. Kg2 Rhf8 24. Nc3 Kg8 25. Re1 dxc4 26. Bxc4+ Kh7 27. Rd1 Nf5 28. Nd5 Nxh4+ 29. Kh1 Qc6 30. Qc2 Rxf3 31. Qh2 b5 32. Be2 Rxe3 33. Rac1 Bc5 34. Bxh5 Re1+ 0-1


[Site "https://www.chess.com"]

[Event "Titled Tuesday Blitz June 14 Early 2022"]
[White "Kanyamarala, Tarun"]
[Black "D`Arruda, Ricardo D."]
[WhiteFideId "45004714"]
[BlackFideId "100692"]
[WhiteElo "2219"]
[BlackElo "2506"]
[Result "1-0"]
[Round "08"]
[TimeControl "180+1"]
[Date "2022.06.14"]
[WhiteClock "0:01:25"]
[BlackClock "0:01:20"]

1. d4 Nf6 2. Nf3 e6 3. Bf4 d5 4. e3 Nbd7 5. Nbd2 Bd6 6. c3 Bxf4 7. exf4 O-O 8. Bd3 c6 9. O-O Qc7 10. g3 Re8 11. Re1 b6 12. Re2 c5 13. Qf1 a5 14. Rae1 Ba6 15. Bxa6 Rxa6 16. Rxe6 Rxe6 17. Rxe6 fxe6 18. Qxa6 h6 19. Qa8+ Kh7 20. Nb3 Ne4 21. dxc5 Ndxc5 22. Nbd4 Nf6 23. Ne5 Nfd7 24. Nxd7 Qxd7 25. Qb8 Na4 26. Qe5 Nxb2 27. Nxe6 Qb5 28. Qf5+ Kg8 29. Qf8+ Kh7 30. Qxg7# 1-0


[Site "https://www.chess.com"]

[Event "Titled Tuesday Blitz June 14 Early 2022"]
[White "Karacsonyi, Gellert"]
[Black "Adla, Diego"]
[WhiteFideId "764620"]
[BlackFideId "100072"]
[WhiteElo "2187"]
[BlackElo "2377"]
[Result "1-0"]
[Round "08"]
[TimeControl "180+1"]
[Date "2022.06.14"]
[WhiteClock "0:00:31"]
[BlackClock "0:00:23"]

1. e4 e5 2. Nf3 Nc6 3. Bb5 a6 4. Bxc6 dxc6 5. O-O Bd6 6. d4 exd4 7. Qxd4 f6 8. Be3 Ne7 9. Nbd2 Be6 10. Rfd1 Ng6 11. Nc4 Bxc4 12. Qxc4 Qe7 13. b4 Qf7 14. Qc3 O-O 15. Bc5 Rad8 16. Bxd6 cxd6 17. Rd4 d5 18. Rad1 Nf4 19. Qd2 Ne6 20. Rd3 dxe4 21. Rxd8 Nxd8 22. Nd4 Ne6 23. Nf5 h5 24. Qe3 Rd8 25. Rxd8+ Nxd8 26. Qxe4 Qxa2 27. Qe8+ Kh7 28. Qxh5+ Kg8 29. Qe8+ Kh7 30. g3 Qe6 31. Qh5+ Kg8 32. Qg4 g5 33. h4 Qe1+ 34. Kg2 Qd2 35. Qe4 Qd7 36. hxg5 fxg5 37. c4 Ne6 38. Qe5 Kh7 39. Qf6 Kg8 40. Ne7+ Kh7 41. Qg6+ Kh8 42. Qh6# 1-0


[Site "https://www.chess.com"]

[Event "Titled Tuesday Blitz June 14 Early 2022"]
[White "Kobalia, Mikhail"]
[Black "Samant Aditya S"]
[WhiteFideId "4119150"]
[BlackFideId "35080580"]
[WhiteElo "2667"]
[BlackElo "1968"]
[Result "1-0"]
[Round "08"]
[TimeControl "180+1"]
[Date "2022.06.14"]
[WhiteClock "0:02:41"]
[BlackClock "0:02:11"]

1. e4 c5 2. Nf3 d6 3. d4 cxd4 4. Nxd4 Nf6 5. Nc3 Nc6 6. Bg5 e6 7. Qd2 a6 8. O-O-O h6 9. Be3 Nxd4 10. Bxd4 b5 11. f3 Qa5 12. Kb1 b4 13. Ne2 e5 14. Bf2 Be6 15. b3 d5 16. Bh4 dxe4 17. Bxf6 gxf6 18. fxe4 Bc5 19. Ng3 1-0


[Site "https://www.chess.com"]

[Event "Titled Tuesday Blitz June 14 Early 2022"]
[White "Kosakowski, Jakub"]
[Black "Galperin, Platon"]
[WhiteFideId "1185080"]
[BlackFideId "14165414"]
[WhiteElo "2476"]
[BlackElo "2432"]
[Result "1/2-1/2"]
[Round "08"]
[TimeControl "180+1"]
[Date "2022.06.14"]
[WhiteClock "0:01:16"]
[BlackClock "0:00:03"]

1. Nf3 Nf6 2. b3 g6 3. Bb2 Bg7 4. e3 d6 5. d4 O-O 6. Be2 b6 7. O-O Bb7 8. c4 e6 9. Nc3 Nbd7 10. Qc2 Qe7 11. Rad1 d5 12. Bd3 a6 13. Rfe1 c5 14. e4 cxd4 15. Nxd4 dxc4 16. Bxc4 Ne5 17. Bf1 Rac8 18. f4 Nc6 19. e5 Nxd4 20. Rxd4 Nd5 21. Nxd5 Bxd5 22. Qd2 b5 23. a4 Bxb3 24. axb5 axb5 25. Bc3 Qc5 26. Bb4 Qb6 27. Bxf8 Bxf8 28. Kh1 Bd5 29. Rxd5 exd5 30. Qxd5 Rd8 31. Qxb5 Qf2 32. Qe2 Qxf4 33. e6 fxe6 34. Qxe6+ Kg7 1/2-1/2


[Site "https://www.chess.com"]

[Event "Titled Tuesday Blitz June 14 Early 2022"]
[White "Lamaze, Simon"]
[Black "Korchmar, Vasiliy"]
[WhiteFideId "36069264"]
[BlackFideId "24131750"]
[WhiteElo "2090"]
[BlackElo "2370"]
[Result "1-0"]
[Round "08"]
[TimeControl "180+1"]
[Date "2022.06.14"]
[WhiteClock "0:00:23"]
[BlackClock "0:00:03"]

1. d4 d5 2. c4 c6 3. cxd5 cxd5 4. Bg5 h6 5. Bh4 Qb6 6. Nc3 Nf6 7. Bxf6 exf6 8. Qd2 Nc6 9. e3 Be6 10. Nge2 Bd6 11. g3 h5 12. h4 Na5 13. b3 Rc8 14. Bg2 Bb4 15. O-O O-O 16. Qb2 g5 17. hxg5 fxg5 18. Nxd5 Bxd5 19. Bxd5 Qd6 20. Bf3 Nc6 21. Bxh5 Kg7 22. Bf3 Rh8 23. Rfd1 Ne7 24. d5+ f6 25. a3 Ba5 26. b4 Bb6 27. Rac1 Rxc1 28. Rxc1 Nf5 29. Kg2 Bxe3 30. fxe3 Nxe3+ 31. Kf2 Nf5 32. Rh1 Qb6+ 33. Ke1 Re8 34. Qc2 Re5 35. Be4 Nd6 36. Bf3 Nf5 37. g4 Nh4 38. Rxh4 gxh4 39. Qd3 h3 40. d6 h2 41. d7 Qd8 42. Kf2 Re7 43. Nf4 Qxd7 44. Qg6+ Kf8 45. Qxf6+ Ke8 46. Qh8+ Kf7 47. Bd5+ Qxd5 48. Nxd5 1-0


[Site "https://www.chess.com"]

[Event "Titled Tuesday Blitz June 14 Early 2022"]
[White "Lashkin, Jegor"]
[Black "Le, Tuan Minh"]
[WhiteFideId "13907808"]
[BlackFideId "12401153"]
[WhiteElo "2368"]
[BlackElo "2530"]
[Result "0-1"]
[Round "08"]
[TimeControl "180+1"]
[Date "2022.06.14"]
[WhiteClock "0:00:26"]
[BlackClock "0:01:35"]

1. d4 d5 2. c4 c6 3. Nc3 Nf6 4. e3 a6 5. Nf3 Bf5 6. Qb3 Ra7 7. Nh4 Be4 8. f3 Bg6 9. Bd2 e6 10. Nxg6 hxg6 11. O-O-O dxc4 12. Bxc4 b5 13. Be2 c5 14. dxc5 Bxc5 15. Kb1 Qb6 16. g4 O-O 17. g5 Nd5 18. Nxd5 exd5 19. h4 Re8 20. h5 gxh5 21. Rxh5 Qg6+ 22. Qc2 Qxh5 23. Qxc5 Rae7 24. Bc3 Rxe3 25. Qd4 Qxg5 26. f4 Qg2 27. Bd3 Nc6 28. Qc5 d4 29. Bxd4 Rxd3 30. Rxd3 Re1+ 0-1


[Site "https://www.chess.com"]

[Event "Titled Tuesday Blitz June 14 Early 2022"]
[White "Livaic, Leon"]
[Black "Bharath Subramaniyam H"]
[WhiteFideId "14531534"]
[BlackFideId "46634827"]
[WhiteElo "2540"]
[BlackElo "2242"]
[Result "0-1"]
[Round "08"]
[TimeControl "180+1"]
[Date "2022.06.14"]
[WhiteClock "0:00:01"]
[BlackClock "0:00:07"]

1. d4 Nf6 2. c4 e6 3. Nf3 c5 4. d5 d6 5. Nc3 exd5 6. cxd5 g6 7. e4 Bg7 8. Bg5 O-O 9. Nd2 h6 10. Bh4 a6 11. Qc2 b5 12. a4 b4 13. Nd1 Re8 14. Be2 Qe7 15. Ne3 g5 16. Bg3 Nxe4 17. Nxe4 Qxe4 18. Bd3 Qxd5 19. O-O Qc6 20. Bc4 Be6 21. Rad1 Bxc4 22. Qxc4 Re6 23. Nf5 Bf8 24. h4 Nd7 25. hxg5 hxg5 26. Qg4 Qe4 27. Qxg5+ Rg6 28. Qf4 Qxf4 29. Bxf4 Nf6 30. Bxd6 Re8 31. Bxf8 Kxf8 32. g3 Rg5 33. Ne3 Ne4 34. Nc4 Re6 35. Rfe1 Kg7 36. Kg2 Rgg6 37. Re3 Ng5 38. Rd5 Rxe3 39. Nxe3 Ne4 40. Re5 Re6 41. Rd5 Rc6 42. Nc4 Kf6 43. f3 Ng5 44. f4 Ne6 45. Kf3 Nd4+ 46. Ke4 Ke6 47. g4 f6 48. f5+ Ke7 49. Ne3 Nb3 50. Kd3 Na5 51. Nc4 Nb7 52. Ke4 Rc7 53. Rd2 Nd8 54. Kf4 Nf7 55. Ne3 Rc6 56. Nd5+ Kf8 57. b3 Kg7 58. Ne7 Rc7 59. Nd5 Rd7 60. Ke3 Ne5 61. Nf4 Nxg4+ 62. Ke2 Rxd2+ 63. Kxd2 Kf7 64. Ne6 c4 65. bxc4 Nh6 66. Nd4 a5 67. Kd3 Ke7 68. Nc6+ Kd6 69. Nxa5 Nxf5 70. Nb3 Ne7 71. a5 Kc6 72. a6 Kb6 73. Nc5 Nc6 74. Nd7+ Kxa6 75. Nxf6 Ka5 76. Nd5 b3 77. Kc3 Ka4 78. Kb2 Na5 79. c5 Nc4+ 80. Kc3 b2 81. Kc2 Ka3 82. Nc3 Ne3+ 83. Kd3 Nd5 84. Nb1+ Ka2 85. Nd2 Nf4+ 86. Kc2 Ne6 87. Kc3 Nxc5 88. Kc2 Ne4 89. Nb1 Ka1 0-1


[Site "https://www.chess.com"]

[Event "Titled Tuesday Blitz June 14 Early 2022"]
[White "Madaminov, Mukhiddin"]
[Black "Deac, Bogdan-Daniel"]
[WhiteFideId "14210703"]
[BlackFideId "1226380"]
[WhiteElo "1916"]
[BlackElo "2648"]
[Result "1-0"]
[Round "08"]
[TimeControl "180+1"]
[Date "2022.06.14"]
[WhiteClock "0:00:28"]
[BlackClock "0:00:01"]

1. d4 Nf6 2. Nc3 d5 3. Bf4 c5 4. e3 cxd4 5. exd4 a6 6. Nf3 Nc6 7. Ne5 Bd7 8. Nxc6 Bxc6 9. Ne2 Qb6 10. Qc1 g6 11. c3 Bg7 12. Ng3 h5 13. h4 Ng4 14. Qd2 e5 15. dxe5 O-O 16. f3 Nxe5 17. O-O-O Rad8 18. Be3 Qa5 19. Kb1 Ba4 20. Re1 Nc4 21. Bxc4 dxc4 22. Qc1 Bb3 23. a3 Rd3 24. Ne4 Qf5 25. Bg5 f6 26. Bf4 Rfd8 27. Ka1 Qa5 28. Nf2 R3d5 29. Bh6 Qc7 30. Bxg7 Kxg7 31. g4 R8d7 32. Rhg1 Qh2 33. Ne4 hxg4 34. fxg4 Qxh4 35. Rh1 Qxe1 36. Rxe1 Rd1 37. Kb1 Rxc1+ 38. Kxc1 Re7 39. Kd2 b6 40. Nd6 Rd7 41. Re6 Kh6 42. Rxf6 Kg5 43. Re6 Rg7 44. Re4 Kh4 45. Nxc4 Rd7+ 46. Ke3 Kg3 47. Nxb6 Rd6 48. Rb4 1-0


[Site "https://www.chess.com"]

[Event "Titled Tuesday Blitz June 14 Early 2022"]
[White "Mchedlishvili, Mikheil"]
[Black "Narayanan, Srinath"]
[WhiteFideId "13600966"]
[BlackFideId "5018420"]
[WhiteElo "2545"]
[BlackElo "2472"]
[Result "1-0"]
[Round "08"]
[TimeControl "180+1"]
[Date "2022.06.14"]
[WhiteClock "0:00:32"]
[BlackClock "0:00:13"]

1. d4 Nf6 2. Bf4 d5 3. Nf3 c5 4. e3 Nc6 5. Nbd2 Bg4 6. c3 e6 7. Qb3 Qc8 8. Be2 Be7 9. h3 Bh5 10. g4 Bg6 11. Nh4 cxd4 12. Nxg6 hxg6 13. exd4 Qd7 14. Be3 Bd6 15. O-O-O a6 16. Kb1 b5 17. Qc2 Rc8 18. Nb3 Ne4 19. Bd3 Nb4 20. Qe2 Nxd3 21. Qxd3 Qb7 22. f3 Ng3 23. Rhg1 Rxh3 24. Nc5 Qc6 25. Rg2 b4 26. cxb4 Qb5 27. a3 Ke7 28. Nxa6 Qxd3+ 29. Rxd3 Nf1 30. Bg5+ f6 31. Bc1 Rh1 32. Rc2 Ra8 33. Nc5 Ng3 34. Ka2 Rf1 35. b5 e5 36. dxe5 fxe5 37. Rxd5 Rxf3 38. Bg5+ Kf7 39. Rxd6 e4 40. Rd7+ Kg8 41. b6 1-0


[Site "https://www.chess.com"]

[Event "Titled Tuesday Blitz June 14 Early 2022"]
[White "Nakamura, Hikaru"]
[Black "Maximov, Dmitry"]
[WhiteFideId "2016192"]
[BlackFideId "14105659"]
[WhiteElo "2850"]
[BlackElo "2494"]
[Result "1-0"]
[Round "08"]
[TimeControl "180+1"]
[Date "2022.06.14"]
[WhiteClock "0:00:03"]
[BlackClock "0:00:01"]

1. Nf3 Nf6 2. e3 g6 3. b3 Bg7 4. Bb2 O-O 5. d4 d6 6. Be2 Nfd7 7. c4 e5 8. Nc3 Nc6 9. dxe5 dxe5 10. Qc2 a5 11. O-O Nc5 12. Rfd1 Qe8 13. Nd5 Bf5 14. Qc1 Rc8 15. Bc3 b6 16. Qb2 Ne4 17. Be1 h6 18. Rac1 Ng5 19. Nxg5 hxg5 20. c5 bxc5 21. Rxc5 Bd7 22. Qc2 Kh7 23. Rc1 Qe6 24. Rxc6 Qxd5 25. Rc5 Qb7 26. Rxc7 Qa8 27. Qd2 Rxc7 28. Rxc7 Bc6 29. Bf1 a4 30. b4 Rd8 31. Qc2 Be4 32. Qc1 Bd5 33. a3 g4 34. b5 Qb8 35. Be2 Be6 36. Qc6 Kg8 37. b6 Bf8 38. Ra7 Rd6 39. Qxa4 Qxb6 40. Bb4 Rc6 41. h4 Rc1+ 42. Kh2 Bxb4 43. axb4 Kg7 44. Qa6 Qxb4 45. Qxe6 g3+ 46. Kxg3 1-0


[Site "https://www.chess.com"]

[Event "Titled Tuesday Blitz June 14 Early 2022"]
[White "Paravyan, David"]
[Black "Grischuk, Alexander"]
[WhiteFideId "4194985"]
[BlackFideId "4126025"]
[WhiteElo "2569"]
[BlackElo "2762"]
[Result "1/2-1/2"]
[Round "08"]
[TimeControl "180+1"]
[Date "2022.06.14"]
[WhiteClock "0:00:12"]
[BlackClock "0:00:08"]

1. e4 e5 2. Nf3 Nc6 3. Nc3 Nf6 4. d4 exd4 5. Nxd4 Bb4 6. Nxc6 bxc6 7. Bd3 d5 8. exd5 O-O 9. O-O cxd5 10. Bg5 Be6 11. h3 Rb8 12. a3 Be7 13. b4 c5 14. bxc5 Bxc5 15. a4 h6 16. Bd2 Rc8 17. Rb1 Bd6 18. Nb5 Bb8 19. Bb4 Re8 20. Re1 Ne4 21. Bxe4 dxe4 22. Nd6 Bxd6 23. Bxd6 Qg5 24. Rb5 Qg6 25. Bg3 Red8 26. Qc1 Bc4 27. Rb7 a6 28. Qe3 Bd5 29. Rb6 Rc6 30. Reb1 Rdc8 31. a5 Qf5 32. Kh2 Bc4 33. Rxc6 Rxc6 34. Rb8+ Kh7 35. Qd4 Qd5 36. Be5 f6 37. Qxd5 Bxd5 38. Bd4 Rxc2 39. Rb6 Rc6 40. Rxc6 Bxc6 41. g4 Kg6 42. Kg3 Kf7 43. h4 Ke6 44. Bc5 g6 45. h5 Kf7 1/2-1/2


[Site "https://www.chess.com"]

[Event "Titled Tuesday Blitz June 14 Early 2022"]
[White "Pranav, V"]
[Black "Martinez Alcantara, Jose Eduardo"]
[WhiteFideId "25060783"]
[BlackFideId "3805662"]
[WhiteElo "2349"]
[BlackElo "2703"]
[Result "0-1"]
[Round "08"]
[TimeControl "180+1"]
[Date "2022.06.14"]
[WhiteClock "0:00:04"]
[BlackClock "0:00:47"]

1. e4 c5 2. Nf3 d6 3. c3 Nf6 4. Bd3 Bg4 5. Bc2 Nc6 6. h3 Bxf3 7. Qxf3 g6 8. O-O Bg7 9. d3 O-O 10. a4 Nd7 11. Na3 a6 12. Be3 Rb8 13. Rfd1 b5 14. axb5 axb5 15. d4 cxd4 16. cxd4 Qb6 17. Qg4 Qb7 18. Rab1 Rfc8 19. Bd3 Bxd4 20. Bxb5 Bxe3 21. fxe3 Nf6 22. Qe2 Ra8 23. Rbc1 Ne5 24. Rxc8+ Qxc8 25. Nc4 Qc5 26. Nxe5 Qxe5 27. Bc6 Rb8 28. Rd2 Nxe4 29. Bxe4 Qxe4 30. Qf2 Rb3 31. Re2 h5 32. Qe1 Qe5 33. Qc1 Kg7 34. Kf2 h4 35. Qc4 Rxb2 36. Qxh4 Qf5+ 37. Qf4 Qxf4+ 38. exf4 Rxe2+ 39. Kxe2 Kf6 40. Ke3 e5 41. Ke4 Ke6 42. fxe5 dxe5 43. h4 f5+ 44. Ke3 Kd5 45. Kd3 f4 46. Kd2 Kd4 47. Ke2 e4 48. Kf2 Kd3 49. h5 gxh5 0-1


[Site "https://www.chess.com"]

[Event "Titled Tuesday Blitz June 14 Early 2022"]
[White "Preotu, Razvan"]
[Black "Pranav Anand"]
[WhiteFideId "2613280"]
[BlackFideId "46626786"]
[WhiteElo "2407"]
[BlackElo "2259"]
[Result "1-0"]
[Round "08"]
[TimeControl "180+1"]
[Date "2022.06.14"]
[WhiteClock "0:00:07"]
[BlackClock "0:01:10"]

1. e4 Nc6 2. Nf3 d6 3. d4 Nf6 4. d5 Nb8 5. Bd3 g6 6. c4 Bg7 7. Nc3 O-O 8. O-O Bg4 9. h3 Bxf3 10. Qxf3 Nfd7 11. Qg3 c6 12. Be3 Na6 13. Rac1 Nac5 14. Bb1 a5 15. h4 a4 16. h5 Qb6 17. Nd1 Qb4 18. Qh3 Ne5 19. a3 Qb3 20. Rc3 Qb6 21. f4 Ned7 22. e5 cxd5 23. cxd5 dxe5 24. f5 e4 25. Rc1 Qd6 26. Nc3 Nf6 27. Nb5 Qb6 28. Bxc5 Nd7 29. Bxb6 Nxb6 30. Bxe4 g5 31. f6 e6 32. fxg7 Kxg7 33. dxe6 f5 34. Rxf5 h6 35. Rc7+ Kg8 36. Rff7 Rxf7 37. exf7+ Kf8 38. Qe6 Nd7 39. Rxd7 Kg7 40. f8=Q+ Kxf8 41. Qf7# 1-0


[Site "https://www.chess.com"]

[Event "Titled Tuesday Blitz June 14 Early 2022"]
[White "Samadov, Read"]
[Black "Lazavik, Denis"]
[WhiteFideId "13417444"]
[BlackFideId "13515110"]
[WhiteElo "2084"]
[BlackElo "2437"]
[Result "0-1"]
[Round "08"]
[TimeControl "180+1"]
[Date "2022.06.14"]
[WhiteClock "0:00:07"]
[BlackClock "0:00:13"]

1. d4 f5 2. c4 Nf6 3. Nc3 d6 4. Nf3 g6 5. g3 Bg7 6. Bg2 O-O 7. O-O c6 8. b3 a5 9. Ba3 Na6 10. Re1 Nb4 11. Bb2 Bd7 12. a3 Na6 13. Qd3 Qc7 14. Rad1 e5 15. dxe5 dxe5 16. Nxe5 Qxe5 17. Na4 Qc7 18. Bxf6 Rxf6 19. Qxd7 Bf8 20. Qxc7 Nxc7 21. Rd7 Rf7 22. Red1 Re8 23. e3 Bxa3 24. Nc3 Ne6 25. Na4 Ree7 26. Rxe7 Rxe7 27. Kf1 Kg7 28. Ke2 Kf6 29. h4 Bb4 30. Kf1 h6 31. Bf3 Rc7 32. g4 f4 33. exf4 Nxf4 34. Rd8 g5 35. hxg5+ hxg5 36. Nb6 Re7 37. Rd1 Ng6 38. Nd7+ Kg7 39. Be2 Nf4 40. Bf3 Ne6 41. Kg2 Bc3 42. Kg3 Bd4 43. Nb8 Be5+ 44. Kg2 Bxb8 0-1


[Site "https://www.chess.com"]

[Event "Titled Tuesday Blitz June 14 Early 2022"]
[White "Sanal, Vahap"]
[Black "Gunina, Valentina"]
[WhiteFideId "6300545"]
[BlackFideId "4167570"]
[WhiteElo "2574"]
[BlackElo "2386"]
[Result "1-0"]
[Round "08"]
[TimeControl "180+1"]
[Date "2022.06.14"]
[WhiteClock "0:01:33"]
[BlackClock "0:00:49"]

1. c4 c6 2. d4 d5 3. Nf3 Nf6 4. e3 Bf5 5. Nc3 e6 6. Bd3 Bg6 7. O-O Nbd7 8. b3 Bd6 9. Bb2 Ne4 10. Ne2 Qc7 11. c5 Be7 12. b4 O-O 13. Ne5 Nxe5 14. dxe5 f6 15. Nf4 Bf7 16. Bxe4 dxe4 17. exf6 Bxf6 18. Bxf6 gxf6 19. Qg4+ Kh8 20. Nxe6 Bxe6 21. Qxe6 Rae8 22. Qf5 a5 23. a3 Re5 24. Qf4 Qg7 25. Rfd1 Rg8 26. g3 Qf7 27. Rd6 Rf8 28. Rad1 axb4 29. axb4 Re7 30. Rd8 Rxd8 31. Rxd8+ Kg7 32. Kg2 Qh5 33. g4 Qg6 34. h3 h5 35. Qb8 Qf7 36. gxh5 Qxh5 37. Qg3+ Kh7 38. Qg8+ Kh6 39. Qh8+ Rh7 40. Qxf6+ 1-0


[Site "https://www.chess.com"]